 Dungeon Crawl Stone Soup version 0.16-a0-1009-g0339a9e (webtiles) character file.

42 Hodglim the Firebug (level 3, -2/19 HPs)
             Began as a Deep Elf Fire Elementalist on Oct 2, 2014.
             Slain by an adder (5 damage)
             ... on Level 2 of the Dungeon.
             The game lasted 00:11:40 (1494 turns).

Hodglim the Firebug (Deep Elf Fire Elementalist)    Turns: 1494, Time: 00:11:41

HP  -2/19        AC  4     Str  5      XL: 3   Next: 33%
MP   9/11        EV 13     Int 20      God:
Gold 82          SH  0     Dex 17      Spells:  1 memorised,  8 levels left

rFire  . . .     SeeInvis .     t - +2 dagger (venom)
rCold  . . .     Clarity  .     a - +0 robe
rNeg   . . .     rCorr    .     (no shield)
rPois  .         rRot     .     (no helmet)
rElec  .         Spirit   .     l - +0 cloak
SustAb .         Warding  .     (no gloves)
rMut   .         Stasis   .     s - +0 pair of boots
Gourm  .                        (no amulet)
MR     .....                    q - +2 ring of dexterity
                                (no ring)

@: very slightly contaminated, not resistant to hostile enchantments, unstealthy
A: no striking features
a: no special abilities


You were on level 2 of the Dungeon.
You were hungry.

You visited 1 branch of the dungeon, and saw 3 of its levels.

You collected 82 gold pieces.

Inventory:

Hand weapons
 t - a +2 dagger of venom (weapon)
Armour
 a - a +0 robe (worn)
 l - a +0 cloak (worn)
 s - a +0 pair of boots (worn)
Comestibles
 c - a bread ration
 h - 2 fruits
Scrolls
 e - 2 scrolls of magic mapping {unknown}
 k - 3 scrolls of remove curse {unknown}
Jewellery
 n - an uncursed ring of ice
 q - a +2 ring of dexterity (right hand)
 r - an uncursed amulet of guardian spirit
Potions
 d - 2 potions of mutation {unknown}
 g - 2 potions of curing {unknown}
 i - 2 potions of invisibility {unknown}
 j - 2 potions of brilliance {unknown}
 o - 2 potions of haste {unknown}
 p - 2 potions of might {unknown}
Books
 b - a book of Flames

   Spells                             Type                      Level
   *Flame Tongue                      Conjuration/Fire             1
   Throw Flame                        Conjuration/Fire             2
   Conjure Flame                      Conjuration/Fire             3
   Inner Flame                        Hexes/Fire                   3
   Sticky Flame                       Conjuration/Fire             4
   Fireball                           Conjuration/Fire             5


   Skills:
 - Level 2.4 Dodging
 - Level 2.4 Stealth
 + Level 3.8 Spellcasting
 + Level 2.1 Conjurations
 + Level 3.9 Fire Magic


You had 8 spell levels left.
You knew the following spells:

 Your Spells              Type           Power        Failure   Level  Hunger
a - Flame Tongue          Conj/Fire      ###..        3%          1    None


Dungeon Overview and Level Annotations

Branches:
Dungeon (3/15)

Altars:
Elyvilon

Annotations:
D:3 Terence


Message History

Aim: an adder The flame tongue hits the adder.
The adder is heavily wounded.
The adder bites you.
* * * LOW HITPOINT WARNING * * *
Drink which item? (? for menu, Esc to quit)
Okay, then.
The adder bites you.
* * * LOW HITPOINT WARNING * * *
The adder bites you.
* * * LOW HITPOINT WARNING * * *
Casting: Flame Tongue
Confirm with . or Enter, or press ? or * to list all spells.
Aiming: Flame Tongue
Press: ? - help, Shift-Dir - straight line, f/p - adder
Aim: an adder (heavily wounded)
You miscast Flame Tongue.
You are very lightly contaminated with residual magic.
Nothing appears to happen.
The adder bites you.
You die...

#.##.##.###....#.## #.#
#.##.##.###.#.##.####.#####
#.......##.......##.......#
####.#####.......##.#.....#
#.# #.).....##.##....# #.#
#......>##.##..#.# #.#
#.......##.##.##.# #.#
#...S...##....)..# #.#
#...@...#####.#### #.#
######### #.# #.# #.#
#.###### #.# #.....># #.#
######.######## #.#
#........#####.#
########.......# #########


You could see an adder.

Vanquished Creatures
  3 giant geckos
  7 bats
  7 hobgoblins
  4 jackals (D:1)
  6 kobolds
  A ball python (D:2)
  2 giant newts
  3 goblins (D:1)
  5 rats
38 creatures vanquished.

Notes
Turn   | Place    | Note
--------------------------------------------------------------
     0 | D:1      | Hodglim, the Deep Elf Fire Elementalist, began the quest for the Orb.
     0 | D:1      | Reached XP level 1. HP: 10/10 MP: 5/5
   206 | D:1      | Reached XP level 2. HP: 15/15 MP: 6/8
   954 | D:2      | Found a white marble altar of Elyvilon.
  1086 | D:2      | Reached XP level 3. HP: 19/19 MP: 6/11
  1087 | D:2      | Upgraded the game from 0.16-a0-967-g37ceb3c to 0.16-a0-1009-g0339a9e
  1421 | D:2      | Noticed Terence
  1494 | D:2      | Slain by an adder

Action                   || total
-------------------------++-------
 Cast: Flame Tongue      ||    76
  Eat: Chunk             ||     1
